 Dungeon Sprint DCSS version 0.30-a0-824-g6c64550be9 (webtiles) character file.

Game seed: 13622751217751375255

54364 BigDaddyOpFi the Slayer (level 14, -8/159 HPs)
             Began as a Hill Orc Fighter on Feb 27, 2023.
             Was the Champion of Wu Jian.
             Mangled by a daeva
             ... wielding a +1 great mace of holy wrath
              (17 damage)
             ... in the Dungeon (Sprint V: "Ziggurat Sprint").
             The game lasted 00:11:24 (3563 turns).

BigDaddyOpFi the Slayer (Hill Orc Fighter)          Turns: 3563, Time: 00:11:25

Health: -8/159     AC: 45    Str: 24    XL:     14   Next: 72%
Magic:  14/14      EV:  3    Int:  6    God:    Wu Jian [******]
Gold:   0          SH: 35    Dex: 19    Spells: 13/13 levels left

rFire   + + .      SeeInvis .    D - +6 shillelagh "Devastator" {shatter}
rCold   . . .      Faith    .    F - +18 shield of the Gong {Loud rN+ Will+ rCorr EV-5}
rNeg    + . .      Spirit   .    E - +15 Maxwell's patent armour {-Cast -Tele rElec Will+ rCorr}
rPois   .          Reflect  .    W - +1 helmet "Ybbokuam" {rF+ Dex+5}
rElec   +          Harm     .    n - +1 cloak "Edanle" {rC+ Will+ Int-2 Dex+4}
rCorr   +          Rampage  .    (no gloves)
Will    ++++.      NoTele   +    U - +2 pair of boots {Fly} Stlth NoCast +
                                 H - amulet of Qinacsau {RegenMP Slay+2}
HPRegen 0.46/turn                N - +4 ring of slaying
MPRegen 0.54/turn                G - ring of Qidos {Fire Slay+2}

@: flying, glowing, studying Hexes
A: no striking features
a: Renounce Religion, Wall Jump, Serpent's Lash, Heavenly Storm


You were in the Dungeon.
You worshipped Wu Jian.
Wu Jian was exalted by your worship.
You visited 1 branch

Inventory:

Hand Weapons
 D - the +6 shillelagh "Devastator" (weapon) {shatter}
   (You found it in the Dungeon)
 L - the +7 captain's cutlass {speed, disarm}
   (You found it in the Dungeon)
Armour
 a - a +2 pair of boots of stealth
 n - the +1 cloak "Edanle" (worn) {rC+ Will+ Int-2 Dex+4}
   (You found it in the Dungeon)

   Int:       It affects your intelligence (-2).
   Dex:       It affects your dexterity (+4).
   rC:        It protects you from cold.
   Will:      It increases your willpower.
 E - the +15 Maxwell's patent armour (worn) {-Cast -Tele rElec Will+ rCorr}
   (You found it in the Dungeon)

   rElec:     It insulates you from electricity.
   -Cast:     It prevents spellcasting.
   -Tele:     It prevents most forms of teleportation.
   rCorr:     It protects you from acid and corrosion.
   Will:      It increases your willpower.
 F - the +18 shield of the Gong (worn) {Loud rN+ Will+ rCorr EV-5}
   (You found it in the Dungeon)

   Loud:      It is deafeningly noisy when blocking attacks.
   EV:        It affects your evasion (-5).
   rN:        It protects you from negative energy.
   rCorr:     It protects you from acid and corrosion.
   Will:      It increases your willpower.
 I - a +6 crystal plate armour
 K - the +1 helmet of the Dolphin {Int+3}
   (You acquired it in the Dungeon)

   Int:       It affects your intelligence (+3).
 T - a +0 helmet of see invisible
 U - a +2 pair of boots of flying (worn)
 W - the +1 helmet "Ybbokuam" (worn) {rF+ Dex+5}
   (You found it in the Dungeon)

   Dex:       It affects your dexterity (+5).
   rF:        It protects you from fire.
Jewellery
 f - a ring of magical power
 s - a ring of flight
 t - a +6 ring of dexterity
 u - a +6 ring of dexterity
 v - a +6 ring of intelligence
 w - a +6 ring of intelligence
 x - a +6 ring of strength
 y - a +6 ring of strength
 G - the ring of Qidos (right hand) {Fire Slay+2}
   (You found it in the Dungeon)

   [ring of fire]

   It enhances your fire magic.
   Slay:      It affects your accuracy & damage with ranged weapons and melee
   (+2).
   rF:        It protects you from fire.
   rC:        It makes you vulnerable to cold.
 H - the amulet of Qinacsau (around neck) {RegenMP Slay+2}
   (You found it in the Dungeon)

   [amulet of magic regeneration]

   It increases your rate of magic regeneration.
   Slay:      It affects your accuracy & damage with ranged weapons and melee
   (+2).
 J - the ring "Muiso" {+Blink Fly rC- Str+4}
   (You found it in the Dungeon)

   [ring of flight]

   Str:       It affects your strength (+4).
   rC:        It makes you vulnerable to cold.
   Fly:       It grants you flight.
   +Blink:    It lets you blink.
 M - a ring of protection from cold
 N - a +4 ring of slaying (left hand)
 R - the ring "Qyuraddi" {rF- Will+ Int+4 Dex+3}
   (You found it in the Dungeon)

   [ring of willpower]

   Int:       It affects your intelligence (+4).
   Dex:       It affects your dexterity (+3).
   rF:        It makes you vulnerable to fire.
   Will:      It increases your willpower.
 V - a +4 ring of slaying
 X - a +6 ring of intelligence
 Y - a ring of resist corrosion
Wands
 z - a wand of mindburst (7)
 A - a wand of iceblast (7)
 B - a wand of acid (7)
Scrolls
 c - a scroll of brand weapon
 j - 4 scrolls of blinking
 o - 4 scrolls of amnesia
 p - 7 scrolls of fog
 q - 5 scrolls of identify
 r - a scroll of fear
 O - 4 scrolls of enchant weapon
Potions
 d - 6 potions of might
 e - 8 potions of curing
 g - 6 potions of haste
 h - 7 potions of magic
 i - 3 potions of berserk rage
 k - 2 potions of brilliance
 l - 2 potions of invisibility
 m - 4 potions of resistance
Miscellaneous
 b - a tin of tremorstones (2/2)
 C - a lightning rod (4/4)
 P - a phantom mirror
 Q - a phantom mirror
 S - a lightning rod (4/4)


   Skills:
 + Level 24.1 Fighting
 + Level 22.2 Maces & Flails
 + Level 22.3 Armour
 + Level 22.3 Shields


You had 13 spell levels left.
You didn't know any spells.
Your spell library contained the following spells:

 Spells                   Type           Power      Damage    Failure   Level
 Beastly Appendage        Tmut           0%         N/A       96%         1
 Freeze                   Ice            0%         1d3       96%         1
 Kiss of Death            Conj/Necr      0%         2d5       96%         1
 Magic Dart               Conj           0%         1d3       96%         1
 Slow                     Hex            0%         N/A       96%         1
 Sting                    Tmut/Pois      0%         1d3       96%         1
 Summon Small Mammal      Summ           0%         N/A       96%         1
 Call Imp                 Summ           0%         N/A       99%         2
 Cigotuvi's Dreadful Rot  Necr/Pois/Air  0%         N/A       99%         2
 Ensorcelled Hibernation  Hex/Ice        0%         N/A       99%         2
 Lesser Beckoning         Tloc           0%         N/A       99%         2
 Passwall                 Tmut/Erth      0%         N/A       99%         2
 Poisonous Vapours        Pois/Air       0%         N/A       99%         2
 Scorch                   Fire           0%         2d5       99%         2
 Static Discharge         Conj/Air       0%         2-2/arc   99%         2
 Call Canine Familiar     Summ           0%         N/A       100%        3
 Confusing Touch          Hex            0%         N/A       100%        3
 Hailstorm                Conj/Ice       0%         3d3       100%        3
 Ignite Poison            Fire/Tmut/Pois 0%         N/A       100%        3
 Inner Flame              Hex/Fire       0%         N/A       100%        3
 Mephitic Cloud           Conj/Pois/Air  0%         N/A       100%        3
 Ozocubu's Armour         Ice            0%         N/A       100%        3
 Portal Projectile        Hex/Tloc       0%         N/A       100%        3
 Spider Form              Tmut/Pois      0%         N/A       100%        3
 Stone Arrow              Conj/Erth      0%         3d7       100%        3
 Summon Guardian Golem    Hex/Summ       0%         N/A       100%        3
 Tukima's Dance           Hex            0%         N/A       100%        3
 Vampiric Draining        Necr           0%         2d6       100%        3
 Vhi's Electric Charge    Tloc/Air       0%         N/A       100%        3
 Airstrike                Air            0%         2d(0-16)  100%        4
 Anguish                  Hex/Necr       0%         N/A       100%        4
 Animate Armour           Summ/Erth      0%         N/A       100%        4
 Dispel Undead            Necr           0%         3d6       100%        4
 Ice Form                 Ice/Tmut       0%         N/A       100%        4
 Leda's Liquefaction      Hex/Erth       0%         N/A       100%        4
 Summon Lightning Spire   Summ/Air       0%         N/A       100%        4
 Arcjolt                  Conj/Air       0%         1d10      100%        5
 Fireball                 Conj/Fire      0%         3d3       100%        5
 Irradiate                Conj/Tmut      0%         3d11      100%        5
 Iskenderun's Battlesphe  Conj           0%         2d6       100%        5
 Lightning Bolt           Conj/Air       0%         1d11      100%        5
 Metabolic Englaciation   Hex/Ice        0%         N/A       100%        5
 Summon Forest            Summ/Tloc      0%         N/A       100%        5
 Summon Mana Viper        Hex/Summ       0%         N/A       100%        5
 Yara's Violent Unravell  Hex/Tmut       0%         3d3       100%        5
 Conjure Ball Lightning   Conj/Air       0%         3x3d6     100%        6
 Iron Shot                Conj/Erth      0%         9d1       100%        6
 Simulacrum               Ice/Necr       0%         N/A       100%        6
 Summon Cactus Giant      Summ           0%         N/A       100%        6
 Enfeeble                 Hex            0%         N/A       100%        7
 Orb of Destruction       Conj           0%         9d5       100%        7
 Storm Form               Tmut/Air       0%         N/A       100%        7
 Lehudib's Crystal Spear  Conj/Erth      0%         10d2      100%        8
 Maxwell's Capacitive Co  Air            0%         ∞         100%        8
 Necromutation            Tmut/Necr      0%         N/A       100%        8
 Fire Storm               Conj/Fire      0%         5d1       100%        9
 Polar Vortex             Ice            0%         N/A       100%        9
 Shatter                  Erth           0%         3d5*      100%        9


Dungeon Overview and Level Annotations

Branches:
Dungeon (1/1)

Altars:
Ashenzari
Cheibriados
Dithmenos
Elyvilon
Fedhas
Gozag
Hepliaklqana
Kikubaaqudgha
Makhleb
Nemelex Xobeh
Okawaru
Qazlal
Ru
Sif Muna
Trog
Uskayaw
Vehumet
Wu Jian
Xom
Yredelemnul
Zin
The Shining One
Beogh
Jiyva
Lugonu


Message History

You block the angel's attack.
GONNNNG!
The angel completely misses you. You block the daeva's attack.
GONNNNG!
The daeva hits you but does no damage.
Items here: )) [[ †.
You hit the daeva.
The daeva and the ophan shudder.
The ophan is lightly wounded.
The daeva is lightly wounded.
You block the angel's attack.
SHROANNG!
You block the angel's attack.
PTOANNNG!
The daeva hits you with a +1 great mace of holy wrath!
* * * LOW HITPOINT WARNING * * *
The daeva hits you with a +1 great mace of holy wrath.
* * * LOW HITPOINT WARNING * * *
You bludgeon the ophan!!
The ophan, the angel and the daeva shudder.
The ophan is heavily wounded.
The angel is moderately wounded.
The daeva is lightly wounded.
The ophan is heavily wounded.
You block the angel's attack.
BOUMMMMG!
The angel hits you but does no damage. You block the daeva's attack.
SHROANNG!
The daeva hits you with a +1 great mace of holy wrath.
* * * LOW HITPOINT WARNING * * *
Okay, then.
As you read the scroll of fear, it crumbles to dust.
You assume a fearsome visage.
The ophan looks frightened!
The angel resists with almost no effort.
The daeva resists with almost no effort.
The angel hits you but does no damage. You block the angel's attack.
GONNNNG!
The angel hits you but does no damage. You block the angel's attack.
GONNNNG!
The daeva barely misses you.
The daeva hits you with a +1 great mace of holy wrath!
You die...

8▓ ..A........▓.............▓
_▓ ...........▓.............▓
8▓ ...........▓.............▓
_▓
..............▓.............▓
8▓
..............▓..▓.......▓..▓
_▓
.............▓.▓▓▓.....▓▓▓†▓
8▓ ▓.......▓...▓..▓.......▓§.▓
_▓ .
▓▓.....▓▓▓A.▓..........☼○☼▓ 8▓
...▓.......▓.@.▓......©..°☼§§▓
▓▓
...........GA..▓▓▓▓▓▓▓▓▓▓▓▓▓▓▓
.......©.......▓.....8©8.....▓
▓▓▓▓▓▓▓▓▓▓▓▓▓▓▓▓..|)).|}[))..▓
▓....[}).})...▓
▓.............▓
▓.)...........▓
▓...).........▓
▓))...........▓


You could see a daeva (strong), an angel (strong) and an ophan (strong,
fleeing).

Vanquished Creatures
  Rupert (D)
  A titan (D)
  A searing wretch (D)
  Gastronok (D)
  Kirke (D)
  Donald (D)
  A fire giant (D)
  Aizul (D)
  An emperor scorpion (D)
  2 deep elf elementalists (D)
  An angel (D)
  2 stone giants (D)
  2 apis (D)
  A deep elf annihilator (D)
  A merfolk impaler (D)
  A merfolk javelineer (D)
  A deep elf high priest (D)
  An entropy weaver (D)
  2 ice dragons (D)
  Erolcha (D)
  3 salamander tyrants (D)
  A merfolk aquamancer (D)
  3 dancing weapons (D)
  2 centaur warriors (D)
  A death yak (shapeshifter) (D)
  2 hell hogs (D)
  Nergalle (D)
  Urug (D)
  A skyshark (D)
  A deep elf knight (D)
  2 pharaoh ants (D)
  A cherub (D)
  2 steelbarb worms (D)
  A spriggan druid (D)
  3 deep elf archers (D)
  5 wolf spiders (D)
  3 deep elf pyromancers (D)
  3 cyclopes (D)
  A deep elf zephyrmancer (D)
  A manticore (D)
  A merfolk siren (D)
  Joseph (D)
  2 hellions (D)
  2 water nymphs (D)
  Psyche (D)
  A rime drake (D)
  3 yaktaurs (D)
  3 freezing wraiths (D)
  A troll (D)
  2 polar bears (D)
  6 merfolk (D)
  5 wind drakes (D)
  2 snapping turtles (D)
  Grinder (D)
  3 hornets (D)
  4 tarantellas (D)
  Sigmund (D)
  4 spriggans (D)
  6 jumping spiders (D)
  8 air elementals (D)
  2 golden eyes (D)
  Grum (D)
  Eustachio (D)
  3 steam dragons (D)
  3 redbacks (D)
  Edmund (D)
  Duvessa (D)
  A floating eye (D)
  Pargi (D)
  2 ice beasts (D)
  A swamp drake (D)
  2 wolves (D)
  5 black bears (D)
  5 centaurs (D)
  5 scorpions (D)
  A crimson imp (D)
  2 orc priests (D)
  A jelly (D)
  Crazy Yiuf (D)
  An iron imp (D)
  An orc wizard (D)
  2 shadow imps (D)
  A white imp (D)
  2 endoplasms (D)
  A ball python simulacrum (D)
  A ball python skeleton (D)
167 creatures vanquished.

Vanquished Creatures (others)
  A deep elf blademaster (D)
  A fire giant (D)
  A spriggan air mage (D)
3 creatures vanquished.

Grand Total: 170 creatures vanquished

Notes
Turn   | Place    | Note
-------+----------+-------------------------------------------
     0 | D        | BigDaddyOpFi the Hill Orc Fighter began the quest for the
                  | Orb.
     0 | D        | Reached XP level 1. HP: 19/19 MP: 1/1
     0 | D        | Found a shimmering blue altar of Sif Muna.
     0 | D        | Found a bloodstained altar of Trog.
     0 | D        | Found a sacrificial altar of Ru.
     0 | D        | Found a stormy altar of Qazlal.
     0 | D        | Found an iron altar of Okawaru.
     2 | D        | Found a blossoming altar of Fedhas.
     2 | D        | Found the +6 Majin-Bo {spellvamp, MP+6 Int+6}
     2 | D        | Found the +27 heavy crossbow "Sniper" {heavy, Acc+∞ SInv}
     2 | D        | Found the +10 dark maul {heavy}
     2 | D        | Found the +15 Maxwell's patent armour {-Cast -Tele rElec
                  | Will+ rCorr}
     2 | D        | Found the +18 shield of the Gong {Loud rN+ Will+ rCorr
                  | EV-5}
     2 | D        | Found the +16 obsidian axe {drain, demonic, Mesm Drain Fly
                  | SInv}
     2 | D        | Found the +7 great mace "Firestarter" {flame, inner flame,
                  | rFlCloud rF++}
     2 | D        | Found the +6 shillelagh "Devastator" {shatter}
     2 | D        | Found the +11 plutonium sword {Contam Stlth-}
     2 | D        | Found the +8 lance "Wyrmbane" {slay drac, rPois rF+ rC+
                  | AC+3}
     2 | D        | Found the +9 sword of Zonguldrok {reap}
     2 | D        | Found the +13 scythe of Curses {drain, curses, Drain}
     2 | D        | Found the +9 sword of Power {lifebolt}
     2 | D        | Found the +7 mace of Variability {chaos, chain chaos}
     2 | D        | Found the +11 Singing Sword {sonic wave}
     2 | D        | Found the +8 storm bow {elec, penet}
     3 | D        | Found a sparkling altar of Nemelex Xobeh.
     5 | D        | Found a transporter.
     5 | D        | Found an ancient bone altar of Kikubaaqudgha.
     5 | D        | Found a viscous altar of Jiyva.
     5 | D        | Found a corrupted altar of Lugonu.
     5 | D        | Found a hazy altar of Hepliaklqana.
     5 | D        | Found a burning altar of Makhleb.
     5 | D        | Found an opulent altar of Gozag.
    78 | D        | Reached skill level 5 in Fighting
    78 | D        | Reached skill level 5 in Armour
    78 | D        | Reached skill level 5 in Shields
    78 | D        | Reached XP level 2. HP: 30/30 MP: 2/2
   103 | D        | Became a worshipper of the Wu Jian Council
   116 | D        | Entered arena 2.
   116 | D        | Noticed a troll
   116 | D        | Noticed a cyclops
   116 | D        | Found a transporter.
   129 | D        | Killed a troll
   130 | D        | Reached skill level 8 in Fighting
   130 | D        | Reached XP level 3. HP: 30/41 MP: 3/3
   130 | D        | Reached XP level 4. HP: 36/49 MP: 4/4
   130 | D        | Reached XP level 5. HP: 41/55 MP: 5/5
   130 | D        | Reached XP level 6. HP: 46/62 MP: 6/6
   137 | D        | Killed a cyclops
   138 | D        | Reached skill level 10 in Fighting
   138 | D        | Reached XP level 7. HP: 57/72 MP: 7/7
   351 | D        | Entered arena 3.
   351 | D        | Found a transporter.
   355 | D        | Reached * piety under Wu Jian
   370 | D        | Entered arena 4.
   370 | D        | Noticed a spriggan
   370 | D        | Found a transporter.
   372 | D        | Reached ** piety under Wu Jian
   373 | D        | Killed a spriggan
   374 | D        | Reached skill level 11 in Fighting
   374 | D        | Reached skill level 10 in Armour
   374 | D        | Reached skill level 10 in Shields
   374 | D        | Reached XP level 8. HP: 82/82 MP: 8/8
   377 | D        | Reached skill level 10 in Maces & Flails
   390 | D        | Entered arena 5.
   390 | D        | Found a transporter.
   398 | D        | Reached *** piety under Wu Jian
   408 | D        | Reached skill level 12 in Fighting
   629 | D        | Got the +1 cloak "Edanle" {rC+ Will+ Int-2 Dex+4}
   640 | D        | Entered arena 6.
   640 | D        | Found a transporter.
   642 | D        | Reached **** piety under Wu Jian
   645 | D        | Reached ***** piety under Wu Jian
   649 | D        | Got the Anthology of the Contaminated Arsonist
   653 | D        | Entered arena 7.
   654 | D        | Found a transporter.
   655 | D        | Paralysed by a floating eye for 3 turns
   662 | D        | Reached XP level 9. HP: 91/91 MP: 9/9
   674 | D        | Got the ring of Qidos {Fire Slay+2}
   677 | D        | Got the amulet of Qinacsau {RegenMP Slay+2}
   686 | D        | Got Sif Muna's Exposition on Imprecation
   690 | D        | Entered arena 8.
   690 | D        | Noticed a merfolk
   690 | D        | Noticed a wind drake
   690 | D        | Noticed a wind drake
   690 | D        | Noticed a merfolk
   690 | D        | Noticed a merfolk
   690 | D        | Noticed a wind drake
   691 | D        | Found a transporter.
   699 | D        | Killed a merfolk
   700 | D        | Reached skill level 13 in Fighting
   701 | D        | Killed a merfolk
   702 | D        | Killed a wind drake
   710 | D        | Killed a wind drake
   710 | D        | Reached ****** piety under Wu Jian
   712 | D        | Killed a merfolk
   717 | D        | Killed a wind drake
   897 | D        | Entered arena 9.
   897 | D        | Noticed a wolf spider
   897 | D        | Noticed a tarantella
   897 | D        | Noticed a wolf spider
   897 | D        | Noticed a tarantella
   898 | D        | Found a transporter.
   901 | D        | Reached XP level 10. HP: 102/102 MP: 10/10
   901 | D        | Killed a wolf spider
   902 | D        | Reached skill level 14 in Fighting
   908 | D        | Killed a wolf spider
  1066 | D        | Entered arena 10.
  1066 | D        | Noticed a spriggan druid
  1066 | D        | Noticed a spriggan rider
  1067 | D        | Found a transporter.
  1070 | D        | Reached skill level 15 in Fighting
  1071 | D        | Killed a spriggan druid
  1082 | D        | Got the ring "Muiso" {+Blink Fly rC- Str+4}
  1086 | D        | Entered arena 11.
  1087 | D        | Found a transporter.
  1090 | D        | Reached XP level 11. HP: 114/114 MP: 11/11
  1094 | D        | Reached skill level 16 in Fighting
  1200 | D        | Got the Atlas of the Blizzard
  1203 | D        | Got the Guidebook on Stones and Position
  1207 | D        | Acquired the +1 helmet of the Dolphin {Int+3}
  1218 | D        | Entered arena 12.
  1218 | D        | Noticed a searing wretch
  1218 | D        | Noticed a fire giant
  1218 | D        | Noticed a salamander tyrant
  1218 | D        | Noticed a salamander tyrant
  1218 | D        | Noticed a hell hog
  1219 | D        | Noticed a hell hog
  1219 | D        | Noticed a fire giant
  1219 | D        | Found the +7 captain's cutlass {speed, disarm}
  1219 | D        | Noticed a salamander tyrant
  1221 | D        | Found a transporter.
  1225 | D        | Killed a hell hog
  1226 | D        | Reached skill level 15 in Armour
  1226 | D        | Reached skill level 15 in Shields
  1228 | D        | Reached skill level 15 in Maces & Flails
  1228 | D        | Killed a salamander tyrant
  1230 | D        | Killed a salamander tyrant
  1230 | D        | Killed a salamander tyrant
  1231 | D        | Reached skill level 17 in Fighting
  1235 | D        | Killed a hell hog
  1236 | D        | Killed a fire giant
  1239 | D        | Killed a searing wretch
  1243 | D        | Killed a fire giant
  1244 | D        | Reached skill level 18 in Fighting
  1244 | D        | Reached XP level 12. HP: 60/127 MP: 12/12
  1519 | D        | Entered arena 13.
  1519 | D        | Noticed a spriggan air mage
  1519 | D        | Noticed a titan
  1519 | D        | Paralysed by an air elemental for 1 turns
  1523 | D        | Paralysed by an air elemental for 1 turns
  1529 | D        | Paralysed by an air elemental for 1 turns
  1534 | D        | Paralysed by an air elemental for 1 turns
  1541 | D        | Paralysed by an air elemental for 1 turns
  1543 | D        | Killed a spriggan air mage
  1547 | D        | Killed a titan
  1547 | D        | HP: 6/128 [air elemental (4)]
  1898 | D        | Found a transporter.
  1917 | D        | Got the Discursus on Ashen Battling
  1921 | D        | Entered arena 14.
  1922 | D        | Noticed an ice dragon
  1923 | D        | Noticed an ice dragon
  1932 | D        | Killed an ice dragon
  1936 | D        | Killed an ice dragon
  1937 | D        | Reached skill level 19 in Fighting
  1941 | D        | Found a transporter.
  1974 | D        | Got the Anthology of Impure Modification
  1993 | D        | Entered arena 15.
  1994 | D        | Noticed a merfolk aquamancer
  1994 | D        | Noticed a merfolk javelineer
  1994 | D        | Noticed a skyshark
  1995 | D        | Identified the ring of the Queen {Drain rElec rF+ Str+7
                  | Slay+2}
  1995 | D        | Noticed a merfolk impaler
  2010 | D        | Killed a skyshark
  2010 | D        | Killed a merfolk aquamancer
  2010 | D        | Killed a merfolk impaler
  2018 | D        | Killed a merfolk javelineer
  2023 | D        | Reached skill level 20 in Fighting
  2023 | D        | Reached XP level 13. HP: 70/139 MP: 13/13
  2032 | D        | Found a transporter.
  2264 | D        | Entered arena 16.
  2265 | D        | Noticed a stone giant
  2265 | D        | Noticed a stone giant
  2268 | D        | Found a transporter.
  2273 | D        | Killed a stone giant
  2277 | D        | Killed a stone giant
  2431 | D        | Entered arena 17.
  2438 | D        | Noticed an entropy weaver
  2438 | D        | Noticed an emperor scorpion
  2446 | D        | Reached skill level 21 in Fighting
  2458 | D        | Killed an entropy weaver
  2473 | D        | Killed an emperor scorpion
  2483 | D        | Found a transporter.
  2491 | D        | Got the ring "Qyuraddi" {rF- Will+ Int+4 Dex+3}
  2528 | D        | Entered arena 18.
  2536 | D        | Noticed a deep elf annihilator
  2536 | D        | Noticed a deep elf high priest
  2536 | D        | Noticed a deep elf elementalist
  2537 | D        | Noticed a deep elf elementalist
  2537 | D        | Noticed a deep elf blademaster
  2543 | D        | Identified the +7 short sword of the Invisible Villages
                  | {heavy, rElec rCorr Stlth+}
  2546 | D        | Reached skill level 22 in Fighting
  2547 | D        | Found a transporter.
  2547 | D        | Killed a deep elf elementalist
  2548 | D        | Reached XP level 14. HP: 142/154 MP: 14/14
  2551 | D        | Killed a deep elf elementalist
  2553 | D        | Killed a deep elf annihilator
  2553 | D        | Killed a deep elf blademaster
  2788 | D        | Entered arena 19.
  2791 | D        | Noticed Nergalle
  2791 | D        | Noticed Rupert
  2791 | D        | Noticed Eustachio
  2791 | D        | Noticed Urug
  2791 | D        | Noticed Grum
  2791 | D        | Noticed Crazy Yiuf
  2791 | D        | Noticed Aizul
  2791 | D        | Noticed Psyche
  2791 | D        | Noticed Duvessa
  2791 | D        | Noticed Pargi
  2791 | D        | Noticed Donald
  2791 | D        | Noticed Grinder
  2792 | D        | Noticed Kirke
  2792 | D        | Noticed Joseph
  2792 | D        | Noticed Edmund
  2792 | D        | Identified the +11 great mace "Brush" {flame, rF- rN+++
                  | Will+ MP+9}
  2792 | D        | Noticed Sigmund
  2792 | D        | Noticed Gastronok
  2792 | D        | Noticed Erolcha
  2807 | D        | Killed Duvessa
  2808 | D        | Killed Psyche
  2808 | D        | Killed Edmund
  2809 | D        | Killed Rupert
  2810 | D        | Reached skill level 23 in Fighting
  2811 | D        | Killed Erolcha
  2812 | D        | Killed Grum
  2812 | D        | Killed Sigmund
  2812 | D        | Killed Crazy Yiuf
  2815 | D        | Killed Kirke
  2818 | D        | Killed Gastronok
  2818 | D        | Killed Donald
  2820 | D        | Killed Aizul
  2821 | D        | Killed Joseph
  2822 | D        | Killed Pargi
  2826 | D        | Killed Nergalle
  2829 | D        | Killed Grinder
  2831 | D        | Killed Urug
  2835 | D        | Killed Eustachio
  3266 | D        | Found a transporter.
  3275 | D        | Got the Volume of Support and Transmutation
  3279 | D        | Got the +1 helmet "Ybbokuam" {rF+ Dex+5}
  3305 | D        | Entered arena 20.
  3521 | D        | Noticed an apis
  3521 | D        | Noticed an angel
  3521 | D        | Found the +3 hat of Pondering {ponderous, Will+ MP+10
                  | Int+5}
  3521 | D        | Noticed an ophan
  3521 | D        | Noticed an apis
  3535 | D        | Killed an angel
  3535 | D        | Identified the +5 scale mail of the Flute {rF+ Dex+2}
  3535 | D        | Noticed an angel
  3537 | D        | Killed an apis
  3541 | D        | Killed an apis
  3542 | D        | Reached skill level 24 in Fighting
  3543 | D        | Noticed a daeva
  3563 | D        | Mangled by a daeva

Illustrated notes

Levels and vault maps discovered:
D:        sprint_v [room_start, room_1, room_2, room_3, room_4, room_5, room_6,
          room_7, room_8, room_9, room_10, room_11, room_12, room_13, room_14,
          room_15, room_16, room_17, room_18, room_19, room_20, room_21,
          room_22, room_23, room_24, room_25, room_26, room_27]

Skill      XL: |  1  2  3  4  5  6  7  8  9 10 11 12 13 14 |
---------------+-------------------------------------------+-----
Fighting       | 5 8 10 11 12 13 15 18 20 22 24 | 24.1
Maces & Flails | 4 7 9 11 12 14 16 18 20 22 | 22.2
Armour         | 5 7 9 10 11 12 14 16 18 20 22 | 22.3
Shields        | 5 7 9 10 11 12 14 16 18 20 22 | 22.3

Action                     |  1- 3 |  4- 6 |  7- 9 | 10-12 | 13-15 || total
---------------------------+-------+-------+-------+-------+-------++-------
  Melee: Shillelagh        |     9 |     8 |    61 |   108 |   163 ||   349
 Invoke: Heavenly Storm    |       |       |       |     5 |     5 ||    10
Ability: Whirlwind         |       |       |     9 |     4 |    15 ||    28
         Lunge             |       |       |     6 |     4 |     8 ||    18
    Use: Potion            |     4 |       |     1 |     7 |     2 ||    14
         Scroll            |       |       |       |     1 |     5 ||     6
 Armour: Plate armour      |    12 |       |    47 |   162 |    61 ||   282
  Dodge: Dodged            |       |       |     4 |    16 |    17 ||    37
  Block: Kite shield       |    28 |     6 |    82 |   189 |   235 ||   540

Table legend: (Time is in decaauts)
 A = Elapsed time spent in this place.
 B = Non-inter-level travel time spent in this place.
 C = Inter-level travel time spent in this place.
 D = Time resting spent in this place.
 E = Time spent auto-exploring this place.
 F = Levels seen in this place.
 G = Mean time per level.
                   A        B        C        D        E       F      G
               +--------+--------+--------+--------+--------+-----+--------+
         Total |   3489 |   3489 |      0 |   2594 |      0 |   1 | 3489.0 |
       Dungeon |   3489 |   3489 |      0 |   2594 |      0 |   1 | 3489.0 |
               +--------+--------+--------+--------+--------+-----+--------+

Top non-repeatable levels by time:
       D: 3489 daAuts
